 Dungeon Crawl Stone Soup version 0.22-a0-799-g88f5e90 (webtiles) character file.

58 iamserjio the Firebug (level 4, 0/24 HPs)
             Began as a Tengu Fire Elementalist on July 21, 2018.
             Slain by a jackal (2 damage)
             ... on level 4 of the Dungeon.
             The game lasted 00:05:30 (752 turns).

iamserjio the Firebug (Tengu Fire Elementalist)      Turns: 752, Time: 00:05:31

Health: 0/24       AC:  2    Str:  8    XL:     4   Next: 1%
Magic:  8/8        EV: 18    Int: 21    God:
Gold:   126        SH:  0    Dex: 20    Spells: 3/7 levels left

rFire    . . .     SeeInvis .   e - +1 dagger (freeze)
rCold    . . .     Gourm    .   (no shield)
rNeg     . . .     Faith    .   a - +0 robe
rPois    .         Spirit   .   (helmet restricted)
rElec    .         Reflect  .   (no cloak)
rCorr    .         Harm     .   (no gloves)
MR       .....                  (boots unavailable)
Stlth    +++.......             (no amulet)
HPRegen  0.08/turn              (no ring)
MPRegen  0.11/turn              (no ring)

@: brilliant, agile
A: beak, talons 3
a: no special abilities


You were on level 4 of the Dungeon.
You were not hungry.

You visited 1 branch of the dungeon, and saw 5 of its levels.

You collected 126 gold pieces.

Inventory:

Hand Weapons
 e - a +1 dagger of freezing (weapon)
 g - a +0 short sword of holy wrath
 i - a +0 falchion
Missiles
 k - 39 arrows
 o - a throwing net (quivered) {!f}
Armour
 a - a +0 robe (worn)
Jewellery
 l - an uncursed ring of protection from magic {unknown}
Potions
 h - a potion of brilliance
 j - a potion of curing {unknown}
 p - a potion of agility
Comestibles
 c - 3 rations
 d - 3 chunks of flesh


   Skills:
 - Level 2.1 Dodging
 - Level 2.0 Stealth
 - Level 2.0 Spellcasting
 + Level 3.6 Conjurations
 + Level 4.3 Fire Magic


You had 3 spell levels left.
You knew the following spells:

 Your Spells              Type           Power        Failure   Level  Hunger
a - Flame Tongue          Conj/Fire      ####.        1%          1    #......
b - Conjure Flame         Conj/Fire      ####....     1%          3    ###....

Your spell library contained the following spells:

 Spells                   Type           Power        Failure   Level  Hunger
 Fireball                 Conj/Fire      ####......   10%         5    ######.
 Throw Flame              Conj/Fire      ####..       1%          2    ##.....
 Sticky Flame             Conj/Fire      ####....     3%          4    #####..
 Inner Flame              Hex/Fire       ###.....     2%          3    ###....


Dungeon Overview and Level Annotations

Branches:
Dungeon (5/15)
 Temple: D:4-7

Altars:
Wu Jian


Innate Abilities, Weirdness & Mutations

You have a beak for a mouth.
You have claws for feet.


Message History

The jackal barks! x2
The jackal bites you.
* * * LOW HITPOINT WARNING * * *
You hear a bark!
You climb upwards.
Found 14 gold pieces.
There is a stone staircase leading down here.
You aren't carrying any scrolls.
Unknown command.
Okay, then.
It was a potion of brilliance.
You feel clever all of a sudden. The jackal misses you.
The jackal bites you but does no damage. x2
It was a potion of agility.
You feel agile all of a sudden. The jackal completely misses you.
The jackal closely misses you.
It was a potion of magic.
Magic courses through your body. The jackal barely misses you.
The jackal bites you.
You die...

8.....8
#.....#
#8...8#
##.....##
#8.....8#
#.....#
#8hh.8#
##@##
#####
#.#.#..
#.#....$.
# ###
.#.# .. #
##


You could see 2 jackals.

Vanquished Creatures
  A worker ant (D:5)
  2 worms (D:2)
  A dart slug (D:1)
  An orc (D:3)
  2 bat zombies (D:1)
  2 giant cockroaches (D:1)
  6 goblins
  2 hobgoblins
  3 kobolds
  A bat (D:2)
  5 rats
26 creatures vanquished.

Notes
Turn   | Place    | Note
-------+----------+-------------------------------------------
     0 | D:1      | iamserjio the Tengu Fire Elementalist began the quest for the Orb.
     0 | D:1      | Reached XP level 1. HP: 10/10 MP: 4/4
   123 | D:1      | Reached XP level 2. HP: 15/15 MP: 4/6
   288 | D:1      | Reached XP level 3. HP: 13/19 MP: 2/7
   350 | D:2      | Reached skill level 4 in Fire Magic
   476 | D:3      | Learned a level 3 spell: Conjure Flame
   677 | D:4      | Found an ornate altar of the Wu Jian Council.
   696 | D:5      | Entered Level 5 of the Dungeon
   705 | D:5      | Reached XP level 4. HP: 19/24 MP: 0/8
   748 | D:5      | HP: 1/24 [jackal (3)]
   752 | D:4      | Slain by a jackal

Vault maps used:
D:1:      saegor_arrival_fortress
D:3:      first_ration, nemelex_xobeh_ov_fountains_minmay
D:4:      kennysheep_mini_moat, nicolae_overflow_hidden_temple, kennysheep_mini
D:5:      serial_shops, shop_statue, nicolae_shop_window_shopping,
          kennysheep_little_box, grunt_decor_clamped

Skill      XL: |  1  2  3 |
---------------+----------+-----
Conjurations   | 2 3 |  3.6
Fire Magic     | 4 |  4.3
Dodging        | |  2.1
Stealth        | |  2.0
Spellcasting   | |  2.0

Action                   |  1- 3 |  4- 6 || total
-------------------------+-------+-------++-------
Melee: Kick              |     8 |       ||     8
       Unarmed           |     2 |       ||     2
       Dagger            |    24 |       ||    24
       Peck              |     8 |       ||     8
 Cast: Flame Tongue      |    36 |     1 ||    37
  Use: Scroll            |     3 |       ||     3
       Potion            |     2 |     3 ||     5
Armor: Robe              |     5 |     3 ||     8
Dodge: Dodged            |    25 |     6 ||    31

Table legend:
 A = Spawn XP
 B = Non-spawn XP
 C = Spawn XP percentage of total XP
 D = Spawn monster count
 E = Non-spawn monster count
 F = Spawn count percentage of total count
 G = Total turns spent on level
                    A         B        C        D         E        F      G
               +---------+---------+-------+---------+---------+-------+---------
         Total |       0 |      83 |   0.0 |       0 |      26 |   0.0 |   752
               +---------+---------+-------+---------+---------+-------+---------
           D:1 |       0 |      23 |   0.0 |       0 |      13 |   0.0 |   223
           D:2 |       0 |      17 |   0.0 |       0 |       7 |   0.0 |   197
           D:3 |       0 |       9 |   0.0 |       0 |       5 |   0.0 |   254
           D:5 |       0 |      34 |   0.0 |       0 |       1 |   0.0 |    53
               +---------+---------+-------+---------+---------+-------+---------
